Map: Eastwatch LE

Players

Solar

  • Race: Zerg Zerg
  • League: Master
  • Spawn Location: 7:00

Scarlett - Winner!

  • Race: Zerg Zerg
  • League: Master
  • Spawn Location: 1:00

Event: Memes & Dreams Invitational

VOD

Have the link to the VOD?

Description

Time

  • Played on: April 15, 2018, 12:38 a.m.
  • Length: 10:21

All games in this series

Show
View Real Time Build Order
Export as new Build Order

Solar Zerg 

Build Orders: 3 Hatch before Pool, Zergling Baneling 

Get SALT Encoding   

  12  0:01  Drone  
  13  0:12  Overlord  
  13  0:17  Drone  
  14  0:31  Drone x2  
  14  0:34  Drone  
  17  0:52  Hatchery  
  17  0:54  Drone  
  17  0:57  Drone  
  18  1:21  Hatchery  
  18  1:22  Drone  
  18  1:27  Extractor  
  18  1:31  Drone  
  18  1:38  Spawning Pool  
  17  1:40  Drone  
  17  1:44  Drone  
  19  1:50  Drone  
  20  2:01  Drone  
  20  2:04  Drone  
  22  2:11  Drone  
  23  2:25  Zergling x2, Queen x2  
  23  2:29  Metabolic Boost  
  28  2:33  Zergling x2  
  29  2:37  Queen  
  31  2:47  Baneling Nest  
  31  2:48  Zergling x2  
  31  2:50  Overlord  
  31  2:53  Drone  
  31  2:56  Drone  
  33  2:59  Drone  
  34  3:08  Drone x3  
  34  3:09  Zergling x2  
  34  3:12  Zergling x2  
  39  3:17  Overlord  
  39  3:19  Zergling x2  
  40  3:23  Drone  
  40  3:24  Drone  
  42  3:31  Baneling x2  
  42  3:33  Baneling x2  
  42  3:35  Zergling x2  
  42  3:36  Zergling x6  
  42  3:39  Zergling x2  
  47  3:42  Zergling x2  
  47  3:45  Overlord  
  47  3:47  Zergling x2  
  48  3:50  Drone  
  48  3:53  Drone  
  48  3:56  Baneling x2  
  48  3:57  Zergling x2  
  48  3:58  Zergling x2  
  48  4:01  Zergling x2  
  50  4:02  Zergling x2  
  50  4:04  Baneling, Zergling x2  
  50  4:06  Zergling x2  
  50  4:07  Zergling x2  
  50  4:10  Zergling x2  
  50  4:11  Baneling  
  50  4:12  Zergling x2  
  50  4:13  Zergling x2  
  53  4:19  Zergling x2  
  53  4:21  Zergling x2  
  53  4:22  Overlord  
  53  4:23  Zergling x2  
  56  4:28  Overlord  
  56  4:31  Baneling x2, Drone  
  56  4:32  Drone  
  56  4:38  Baneling, Drone  
  56  4:41  Drone x2  
  56  4:42  Drone  
  56  4:43  Drone  
  56  4:44  Drone  
  62  4:48  Drone  
  63  4:54  Drone x2  
  62  5:00  Extractor  
  62  5:05  Zergling x2  
  61  5:07  Drone x2  
  61  5:09  Drone x2  
  61  5:10  Roach Warren  
  61  5:11  Drone x2  
  61  5:12  Extractor  
  61  5:13  Drone  
  66  5:15  Drone  
  65  5:23  Zergling x2  
  65  5:25  Zergling x2  
  65  5:26  Drone  
  65  5:27  Drone, Zergling x2  
  65  5:28  Drone  
  65  5:35  Zergling x4  
  67  5:36  Zergling x2  
  67  5:41  Evolution Chamber  
  65  5:43  Baneling x2, Zergling x4  
  65  5:44  Lair  
  65  5:46  Zergling x2  
  65  5:49  Zergling x10  
  72  5:54  Roach  
  72  5:56  Spine Crawler  
  72  5:57  Overlord, Spine Crawler  
  72  5:58  Overlord  
  70  6:05  Overlord x2  
  70  6:08  Roach  
  72  6:12  Baneling x4  
  72  6:14  Roach  
  72  6:16  Roach x5  
  72  6:17  Roach  
  86  6:19  Baneling  
  86  6:24  Roach x2  
  86  6:28  Roach  
  86  6:31  Overlord  
  93  6:40  Drone x4  
  93  6:43  Drone, Extractor  
  93  6:44  Extractor  
  94  6:48  Drone, Zerg Missile Weapons Level 1  
  94  6:49  Overseer  
  94  6:50  Drone  
  91  6:55  Drone x2  
  91  6:59  Overlord  
  89  7:01  Glial Reconstitution  
  89  7:04  Drone  
  89  7:05  Drone  
  91  7:11  Drone  
  91  7:15  Drone x4  
  95  7:16  Drone  
  95  7:17  Roach  
  95  7:20  Roach  
  100  7:25  Overlord  
  100  7:26  Roach x4  
  108  7:33  Roach  
  110  7:37  Roach x2  
  110  7:43  Overlord  
  110  7:44  Overlord  
  114  7:45  Roach x5  
  114  7:46  Hatchery  
  114  7:50  Extractor  
  123  7:51  Drone, Evolution Chamber  
  123  7:52  Drone x3  
  123  7:53  Roach  
  123  7:55  Unknown  
  123  7:56  Roach  
  129  8:02  Roach x2  
  132  8:11  Overlord x2  
  132  8:15  Roach x6  
  132  8:19  Overlord  
  145  8:20  Overlord  
  145  8:21  Overlord  
  145  8:22  Overlord  
  145  8:23  Overlord  
  145  8:27  Overlord  
  145  8:30  Ravager x6  
  145  8:31  Roach x2  
  155  8:34  Overlord  
  155  8:39  Roach x2  
  155  8:40  Roach x2  
  163  8:44  Roach  
  165  8:48  Roach  
  165  8:49  Roach  
  165  8:50  Roach  
  165  8:54  Roach x2  
  175  9:00  Roach x3  
  180  9:03  Roach x2  
  180  9:08  Roach x2  
  186  9:17  Roach x5  
  194  9:26  Roach x3  
  173  9:33  Roach x6  
  156  9:38  Roach  
  156  9:39  Roach  
  156  9:40  Roach x2  
  156  9:41  Roach  
  156  9:43  Roach  
  132  9:46  Roach x2  
  132  9:48  Roach  
  132  9:51  Roach x2  
  142  9:53  Roach  
  142  9:54  Roach  
  142  9:57  Roach  
Show
View Real Time Build Order
Export as new Build Order

Scarlett Zerg - Winner!

Build Orders: Hatch First, Zergling Baneling 

Get SALT Encoding   

  12  0:00  Drone  
  13  0:12  Overlord  
  13  0:16  Drone  
  14  0:30  Drone x2  
  14  0:34  Drone  
  17  0:50  Hatchery  
  17  0:54  Drone  
  17  0:57  Drone  
  17  1:04  Extractor  
  17  1:12  Spawning Pool  
  17  1:15  Drone  
  17  1:18  Drone  
  18  1:28  Drone  
  19  1:38  Drone  
  20  1:49  Overlord  
  20  1:58  Queen  
  22  2:03  Zergling x2  
  22  2:05  Queen  
  22  2:06  Zergling x2  
  22  2:07  Metabolic Boost  
  26  2:14  Drone x2  
  28  2:22  Drone  
  29  2:29  Drone  
  30  2:34  Drone x2  
  32  2:45  Drone x2  
  32  2:49  Baneling Nest  
  33  2:54  Overlord  
  33  2:55  Hatchery  
  32  3:01  Drone  
  33  3:06  Zergling x4  
  33  3:09  Drone  
  33  3:12  Overlord  
  36  3:14  Zergling x2  
  36  3:16  Zergling x2  
  38  3:22  Zergling x6  
  38  3:24  Zergling x2  
  42  3:31  Drone  
  43  3:34  Baneling  
  43  3:35  Baneling x2  
  43  3:38  Drone  
  43  3:39  Drone x3  
  47  3:44  Drone  
  47  3:45  Drone x2  
  47  3:47  Baneling x2  
  50  3:52  Baneling x2  
  46  3:56  Queen  
  48  4:08  Drone x6  
  51  4:14  Zergling x2  
  51  4:15  Zergling x4  
  54  4:19  Drone  
  54  4:20  Drone x2  
  54  4:22  Extractor  
  56  4:24  Overlord  
  56  4:28  Roach Warren  
  55  4:32  Zergling x4  
  55  4:34  Drone, Overlord  
  57  4:39  Drone  
  58  4:46  Overlord  
  58  4:48  Overlord  
  58  4:49  Zergling x8  
  61  4:56  Baneling  
  61  4:57  Baneling  
  60  5:01  Overlord  
  60  5:06  Baneling x2  
  60  5:07  Zergling x8  
  60  5:09  Roach x6  
  75  5:20  Roach x3  
  71  5:37  Zergling x10  
  71  5:38  Zergling x4  
  71  5:40  Queen  
  79  5:48  Drone x5  
  81  5:55  Evolution Chamber  
  81  5:56  Drone x3  
  83  6:05  Drone x2, Overlord  
  83  6:10  Extractor  
  85  6:11  Drone x2  
  85  6:13  Extractor  
  85  6:17  Baneling  
  85  6:18  Drone x5, Overlord, Hatchery  
  87  6:25  Drone x3  
  91  6:27  Lair  
  91  6:30  Drone  
  91  6:31  Extractor  
  91  6:36  Drone x4  
  91  6:38  Drone, Zerg Missile Weapons Level 1  
  91  6:39  Drone x2  
  98  6:40  Evolution Chamber  
  98  6:44  Drone x3  
  100  6:47  Drone x2, Extractor  
  100  6:49  Roach  
  100  6:51  Overlord  
  103  6:56  Roach  
  103  6:58  Baneling x3  
  103  7:00  Overlord  
  104  7:03  Roach x3  
  110  7:10  Roach x4  
  110  7:14  Zerg Ground Armor Level 1  
  110  7:15  Drone  
  118  7:20  Overlord, Roach  
  118  7:21  Roach x2  
  124  7:26  Unknown  
  124  7:29  Glial Reconstitution  
  124  7:30  Roach x3  
  124  7:31  Overseer  
  124  7:32  Overlord  
  124  7:34  Overlord x2  
  130  7:39  Roach x4  
  138  7:47  Drone  
  138  7:48  Hydralisk Den  
  138  7:51  Overlord x3  
  138  7:53  Roach x5  
  148  8:02  Roach x3  
  154  8:10  Overlord  
  154  8:11  Roach x6  
  166  8:18  Roach x4  
  166  8:19  Ravager x2  
  177  8:20  Ravager  
  177  8:21  Roach  
  177  8:26  Roach x3  
  185  8:32  Roach  
  185  8:33  Roach  
  189  8:39  Roach x3  
  195  8:41  Roach  
  195  8:42  Roach  
  195  8:46  Extractor, Overlord  
  197  8:57  Overlord  
  197  9:00  Lurker Den, Muscular Augments  
  196  9:04  Overseer  
  191  9:18  Spine Crawler x2  
  191  9:19  Extractor, Spine Crawler  
  191  9:20  Roach  
  191  9:21  Spine Crawler, Roach x4  
  196  9:24  Overlord  
  196  9:25  Roach x2  
  174  9:44  Roach  
  174  9:45  Roach x16  
  195  9:47  Roach  
  195  9:51  Roach  
Tags
 
Add a new tag
Caveats
  • Supply blocks, unpowered buildings, or Contaminate may cause inaccurate times.
  • Supply counts are checked every 10 seconds.